 Dungeon Crawl Stone Soup version 0.18.1-48-g4cf74bf (webtiles) character file.

100 Heedrag the Magician (level 4, -7/24 HPs)
             Began as a Deep Elf Conjurer on July 25, 2016.
             Killed from afar by Natasha (9 damage)
             ... with a magic dart
             ... on level 3 of the Dungeon.
             The game lasted 00:05:19 (2024 turns).

Heedrag the Magician (Deep Elf Conjurer)            Turns: 2024, Time: 00:05:19

Health: -7/24      AC:  2    Str:  6    XL:     4   Next: 47%
Magic:  1/14       EV: 13    Int: 20    God:
Gold:   90         SH:  0    Dex: 15    Spells: 2 memorised, 12 levels left

rFire  . . .     SeeInvis .     d - +0 dagger
rCold  . . .     Gourm    .     a - +0 robe
rNeg   . . .     Faith    .     (no shield)
rPois  .         Spirit   .     (no helmet)
rElec  .         Dismiss  .     (no cloak)
rCorr  .         Reflect  .     (no gloves)
SustAt .         Harm     .     (no boots)
MR     .....     Rnd*Tele +     m - amulet of rage
Stlth  +.........               n - ring of loudness (curse)
                                p - ring of teleportation (curse)

@: not resistant to hostile enchantments, very unstealthy
A: no striking features
a: Evoke Berserk Rage


You were on level 3 of the Dungeon.
You were not hungry.

You visited 1 branch of the dungeon, and saw 3 of its levels.

You collected 90 gold pieces.

Inventory:

Hand Weapons
 d - a +0 dagger (weapon)
Armour
 a - a +0 robe (worn)
Jewellery
 m - an amulet of rage (around neck)
 n - a cursed ring of loudness (right hand)
 p - a cursed ring of teleportation (left hand)
Scrolls
 g - 5 scrolls of remove curse {unknown}
 h - 2 scrolls of identify {unknown}
 i - a scroll of teleportation {unknown}
 j - 2 scrolls of immolation {unknown}
 r - a scroll of enchant armour {unknown}
Potions
 e - a potion of lignification {unknown}
 f - 2 potions of heal wounds {unknown}
 k - a potion of cure mutation {unknown}
 l - a potion of resistance {unknown}
 o - a potion of curing {unknown}
Books
 b - a book of Conjurations

   Spells                             Type                      Level
   a - Magic Dart                     Conjuration                  1
   b - Searing Ray                    Conjuration                  2
   c - Dazzling Spray                 Conjuration/Hexes            3
   d - Fulminant Prism                Conjuration/Hexes            4
   e - Iskenderun's Mystic Blast      Conjuration                  4
   f - Iskenderun's Battlesphere      Conjuration/Charms           5
Comestibles
 c - 2 bread rations
 q - a meat ration


   Skills:
 - Level 2.4 Dodging
 - Level 2.4 Stealth
 * Level 6.5 Spellcasting
 - Level 4.3 Conjurations


You had 12 spell levels left.
You knew the following spells:

 Your Spells              Type           Power        Failure   Level  Hunger
a - Magic Dart            Conj           ###.         1%          1    None
b - Dazzling Spray        Conj/Hex       ###...       14%         3    #......


Dungeon Overview and Level Annotations

Branches:
Dungeon (3/15)

Altars:
Ashenzari
Okawaru
Xom
The Shining One

Annotations:
D:3 Grinder, Natasha


Message History

Confirm wit' . or Enter, or press ? or * ta list all spells.
Aimin': Dazzlin' Spray
Press: ? - help, Shift-Dir - straight line, f/p - Grinder
Aim: Grinder (heavily wounded, blind) Tha spray o' energy hits Natasha.
Natasha be moderately wounded.
Natasha casts a spell.
Natasha growls.
Found a hand axe.
Grinder be nay longer blind.
Tha crimson imp blinks!
Natasha claws ye!
Natasha barely misses ye.
Tha white imp gestures at ye.
Tha puff o' frost hits ye!
* * * LOW HITPOINT WARNIN'
* * * Natasha stares at ye an' mumbles some strange words.
Ye resist wit' some effort.
Natasha mewls in sadness.
Natasha casts a spell at ye.
Tha magic dart hits ye!
Ye die...

############ ........
#..........# #.......
#..........####......
#............ .....###
#..........# #.......
#..........####....## ##
#.......@..#........##).#
###..>.####h5.....#...#
#....###..###.......#..
#...†.....###...##.....
#....####........##....
####.# #####..§..#....
#.# ####†.#.... #..
#..#.... #... #..#....


You could see Natasha and a white imp.

Vanquished Creatures
  An adder (D:2)
  2 oozes (D:1)
  A worm (D:2)
  2 dart slugs
  A giant gecko (D:1)
  2 orcs (D:3)
  2 ball pythons
  5 giant cockroaches
  13 goblins
  8 hobgoblins
  4 jackals (D:2)
  10 bats
  2 giant newts
  6 kobolds
  8 rats
67 creatures vanquished.

Notes
Turn   | Place    | Note
--------------------------------------------------------------
     0 | D:1      | Heedrag the Deep Elf Conjurer began the quest for the Orb.
     0 | D:1      | Reached XP level 1. HP: 10/10 MP: 6/6
    60 | D:1      | Reached XP level 2. HP: 15/15 MP: 4/8
   107 | D:1      | Reached skill level 4 in Spellcasting
   421 | D:1      | Reached XP level 3. HP: 19/19 MP: 8/11
   426 | D:1      | Learned a level 3 spell: Dazzling Spray
   474 | D:1      | Reached skill level 5 in Spellcasting
   966 | D:2      | Found a shattered altar of Ashenzari.
  1098 | D:2      | Reached XP level 4. HP: 24/24 MP: 10/13
  1264 | D:2      | Reached skill level 6 in Spellcasting
  1842 | D:3      | Noticed Natasha
  1931 | D:3      | Found an iron altar of Okawaru.
  1942 | D:3      | Found a shimmering altar of Xom.
  1966 | D:3      | Found a glowing golden altar of the Shining One.
  1999 | D:3      | Noticed Grinder
  2018 | D:3      | HP: 1/24 [white imp/puff of frost[Natasha] (9)]
  2024 | D:3      | Killed from afar by Natasha

Skill      XL: |  1  2  3  4 |
---------------+-------------+-----
Spellcasting   | 4 5 6 |  6.5
Dodging        | |  2.4
Stealth        | |  2.4
Conjurations   | |  4.3

Action                   |  1- 3 |  4- 6 || total
-------------------------+-------+-------++-------
Melee: Dagger            |    11 |     2 ||    13
 Cast: Magic Dart        |    84 |    44 ||   128
       Dazzling Spray    |       |     4 ||     4
 Stab: Sleeping          |     1 |       ||     1
  Eat: Chunk             |       |     3 ||     3
Armor: Robe              |     1 |     1 ||     2
Dodge: Dodged            |    16 |     8 ||    24
